Map: 莱瑞拉克之冠

Players

Quail

  • Race: Protoss Protoss
  • League: Diamond

ISSAC - Winner!

  • Race: Zerg Zerg
  • League: Platinum

VOD

Have the link to the VOD?

Description

Time

  • Played on: Dec. 7, 2015, 7:43 a.m.
  • Length: 9:36
Show
View Real Time Build Order
Export as new Build Order

Quail Protoss 

Build Orders: Nexus First 

Get SALT Encoding   

  12  0:01  Probe (Chrono Boost)  
  13  0:11  Probe (Chrono Boost)  
  14  0:18  Pylon  
  14  0:22  Probe (Chrono Boost)  
  15  0:37  Probe (Chrono Boost)  
  16  0:47  Probe (Chrono Boost)  
  17  1:03  Nexus  
  17  1:11  Gateway  
  17  1:14  Probe (Chrono Boost)  
  18  1:20  Assimilator  
  18  1:24  Assimilator  
  18  1:28  Probe (Chrono Boost)  
  19  1:38  Probe (Chrono Boost)  
  20  1:45  Pylon  
  20  1:49  Probe (Chrono Boost)  
  21  1:59  Cybernetics Core, Probe (Chrono Boost)  
  22  2:10  Probe (Chrono Boost)  
  23  2:19  Gateway  
  23  2:20  Probe (Chrono Boost)  
  23  2:22  Probe (Chrono Boost)  
  25  2:31  Probe (Chrono Boost)  
  25  2:36  Adept (Chrono Boost)  
  28  2:43  Robotics Facility  
  28  2:45  Probe (Chrono Boost)  
  28  2:49  Probe (Chrono Boost)  
  30  2:54  Probe, Warp Gate  
  31  3:00  Probe  
  31  3:02  Sentry (Chrono Boost)  
  31  3:05  Probe  
  35  3:13  Mothership Core  
  35  3:15  Probe  
  40  3:20  Adept (Chrono Boost)  
  40  3:23  Pylon  
  36  3:37  Adept (Chrono Boost)  
  38  3:47  Adept (Chrono Boost)  
  40  3:49  Probe, Pylon  
  40  3:51  Probe  
  42  3:58  Pylon  
  42  4:00  Probe  
  43  4:04  Probe  
  43  4:05  Observer  
  43  4:08  Adept (Chrono Boost)  
  47  4:10  Probe  
  47  4:14  Adept (Chrono Boost)  
  47  4:15  Pylon  
  50  4:18  Probe  
  50  4:23  Probe  
  51  4:28  Pylon  
  51  4:30  Probe  
  51  4:31  Warp Prism (Chrono Boost)  
  55  4:38  Probe  
  57  4:39  Adept (Chrono Boost)  
  57  4:42  Probe  
  57  4:45  Pylon  
  59  4:48  Gateway  
  59  4:50  Assimilator  
  59  5:02  Pylon  
  59  5:15  Gateway  
  59  5:16  Gateway  
  59  5:19  Gateway  
  59  5:20  Gateway  
  56  5:39  Adept x2  
  56  5:40  Probe  
  56  5:42  Probe  
  62  5:48  Gateway  
  62  5:51  Probe  
  62  5:54  Adept  
  63  6:21  Immortal (Chrono Boost)  
  67  6:29  Adept x3  
  73  6:35  Nexus  
  73  6:36  Pylon  
  73  6:38  Pylon  
  59  6:51  Zealot  
  59  6:53  Stalker  
  59  6:54  Stalker x5  
  67  7:17  Probe  
  67  7:18  Probe  
  63  7:25  Warp Prism (Chrono Boost)  
  63  7:26  Stalker x3  
  63  7:27  Stalker  
  63  7:29  Zealot x2  
  73  7:52  Zealot x3  
  73  7:53  Zealot x3  
  84  8:18  Pylon  
  84  8:20  Pylon  
  84  8:34  Adept  
  84  8:37  Immortal (Chrono Boost)  
  84  8:40  Adept x5  
  100  8:43  Pylon  
  98  9:03  Stalker x4  
  98  9:04  Stalker x2  
  68  9:26  Zealot  
  68  9:27  Zealot  
Show
View Real Time Build Order
Export as new Build Order

ISSAC Zerg - Winner!

Build Orders: Hatch First 

Get SALT Encoding   

  12  0:00  Drone  
  13  0:08  Drone  
  14  0:17  Overlord  
  14  0:21  Extractor  
  14  0:23  Drone  
  15  0:35  Drone x2  
  17  0:53  Hatchery  
  16  0:58  Extractor  
  15  1:05  Drone x2  
  15  1:06  Drone  
  18  1:24  Spawning Pool  
  17  1:26  Drone  
  18  1:33  Overlord  
  18  1:45  Drone  
  19  2:04  Drone  
  19  2:05  Hatchery  
  19  2:13  Metabolic Boost  
  19  2:16  Queen  
  19  2:20  Drone  
  22  2:27  Queen  
  24  2:37  Zergling x6  
  24  2:38  Zergling x2  
  24  2:40  Zergling x2  
  29  2:51  Drone x3  
  32  3:05  Drone x2  
  34  3:10  Drone  
  35  3:25  Zergling x4  
  35  3:26  Zergling x10  
  41  3:43  Drone  
  41  3:45  Overlord x2  
  41  4:02  Queen  
  41  4:09  Roach Warren  
  41  4:11  Drone x7  
  41  4:12  Drone x2  
  41  4:14  Drone x3  
  41  4:15  Drone x3  
  56  4:19  Extractor  
  56  4:20  Extractor  
  56  4:23  Drone x2  
  56  4:28  Drone  
  57  4:37  Zergling x2  
  58  4:38  Overlord  
  58  4:44  Overlord  
  58  4:45  Overlord  
  58  4:55  Overlord x3  
  58  4:56  Queen  
  58  4:58  Lair  
  58  4:59  Drone x2  
  62  5:01  Roach  
  60  5:36  Roach x10  
  60  5:37  Roach x4  
  88  5:43  Spore Crawler  
  88  5:44  Spore Crawler  
  88  5:45  Spore Crawler, Drone  
  88  5:48  Drone  
  88  5:49  Drone x2  
  89  5:50  Drone x2, Extractor  
  89  6:05  Drone  
  89  6:06  Drone x5  
  89  6:08  Overlord x2  
  89  6:09  Glial Reconstitution  
  95  6:14  Evolution Chamber, Drone  
  95  6:16  Evolution Chamber  
  91  6:41  Zergling x18  
  91  6:42  Zergling x6  
  97  6:59  Zergling x2  
  97  7:00  Zergling x14  
  98  7:04  Zergling x4  
  87  7:13  Roach x2  
  79  7:26  Drone x6, Extractor x2  
  83  7:30  Zerg Missile Weapons Level 1, Hatchery, Zerg Ground Armor Level 1  
  81  7:51  Roach x9  
  93  7:52  Roach  
  96  8:09  Roach x6  
  96  8:10  Roach  
  96  8:12  Ravager x2  
  110  8:15  Overseer x2  
  110  8:25  Drone x2  
  110  8:26  Drone  
  110  8:27  Drone  
  114  8:28  Overlord x3  
  114  8:38  Overlord x4  
  114  8:39  Overlord  
  114  8:43  Roach x2  
  114  8:44  Roach  
  114  8:46  Ravager x4  
  114  8:47  Ravager x2  
  103  9:11  Zergling x14  
  103  9:12  Zergling x16  
Tags
 
Add a new tag
Caveats
  • Supply blocks, unpowered buildings, or Contaminate may cause inaccurate times.
  • Supply counts are checked every 10 seconds.